 Dungeon Crawl Stone Soup version 0.23.2 (webtiles) character file.

Game seed: 16701813796273540413

536 Borgoz the Sneak (level 7, 0/58 HPs)
             Began as a Ghoul Assassin on Apr 5, 2019.
             Was a Follower of Ashenzari.
             Slain by a quasit (2 damage)
             ... on level 5 of the Dungeon.
             The game lasted 00:11:26 (5029 turns).

Borgoz the Sneak (Ghoul Assassin)                   Turns: 5029, Time: 00:11:26

Health: 0/58       AC:  6    Str: 18      XL:     7   Next: 25%
Magic:  6/6        EV: 11    Int:  5 (6)  God:    Ashenzari [*.....]
Gold:   175        SH:  0    Dex:  2 (12) Spells: 6/6 levels left

rFire    . . .     SeeInvis .   a - +2 dagger
rCold    + . .     Gourm    .   (no shield)
rNeg     + + +     Faith    .   c - +0 robe
rPois    ∞         Spirit   .   q - +0 helmet
rElec    .         Reflect  .   y - +2 cloak
rCorr    .         Harm     .   (no gloves)
MR       .....                  (no boots)
Stlth    ++........             (no amulet)
HPRegen  0.00/turn              h - +3 ring of strength
MPRegen  0.10/turn              (no ring)

@: rotting
A: rotting body, claws 1, carnivore, cold resistance 1, negative energy
resistance 3, inhibited regeneration, torment resistance, unbreathing
a: Curse Item, Scrying, Renounce Religion


You were on level 5 of the Dungeon.
You worshipped Ashenzari.
Ashenzari was aware of your devotion.
You were hungry.

You visited 1 branch of the dungeon, and saw 5 of its levels.

You collected 175 gold pieces.

Inventory:

Hand Weapons
 a - a +2 dagger (weapon)
 b - a +0 blowgun
Missiles
 e - 18 poisoned needles
 f - 2 curare-tipped needles
 j - 5 tomahawks of dispersal (quivered)
 z - 3 tomahawks
Armour
 c - a +0 robe (worn)
 q - a +0 helmet (worn)
 y - a +2 cloak (worn)
Jewellery
 h - a +3 ring of strength (left claw)
Wands
 d - a wand of clouds (7)
 p - a wand of disintegration (15)
 v - a wand of random effects (16)
Scrolls
 i - a scroll of fog {unknown}
 k - a scroll of magic mapping {unknown}
 l - 2 scrolls of blinking {unknown}
 m - a scroll of enchant armour {unknown}
 o - 6 scrolls of identify {unknown}
 r - a scroll of random uselessness {unknown}
 s - 4 scrolls of remove curse
 u - a scroll of amnesia {unknown}
 w - 7 scrolls of teleportation {unknown}
 A - a scroll of enchant weapon {unknown}
Potions
 n - 2 potions of degeneration
Comestibles
 g - 8 rations
 t - a chunk of flesh


   Skills:
 + Level 3.7 Fighting
 * Level 4.0 Short Blades
 - Level 1.7 Throwing
 * Level 3.3 Armour
 * Level 3.6 Dodging
 - Level 4.3 Stealth


You had 6 spell levels left.
You didn't know any spells.
Your spell library was empty.

Dungeon Overview and Level Annotations

Branches:
Dungeon (5/15)
 Temple: D:4-7

Altars:
Ashenzari
Dithmenos
Gozag
Makhleb
Trog
Wu Jian

Shops:
D:4 [**


Innate Abilities, Weirdness & Mutations

Your body is rotting away.
You thrive on raw meat.
You are immune to poison.
You have sharp fingernails.
You are carnivorous and can eat meat at any time.
Your flesh is cold resistant. (rC+)
You are immune to negative energy. (rN+++)
You do not regenerate when monsters are visible.
You are immune to unholy pain and torment.
You can survive without breathing.


Message History

The quasit barely misses you. The quasit misses you.
The quasit claws you but does no damage.
You closely miss the quasit.
The quasit is severely wounded.
The quasit bites you but does no damage.
The quasit claws you but does no damage. x2
You hit the quasit.
The quasit is almost dead.
The quasit barely misses you. x2; The quasit closely misses you.
You completely miss the quasit.
The quasit is almost dead.
The quasit closely misses you. The quasit claws you.
* * * LOW HITPOINT WARNING * * *
The quasit claws you but does no damage.
You hit the quasit but do no damage.
The quasit is almost dead.
The quasit bites you.
* * * LOW HITPOINT WARNING * * *
The quasit claws you.
You die...

### ..# #.###
...$. #.#.#
#?#.# #@#.#
#5#.#
######.#.######
........|.......
.######.#.##._..
...#.# #
.......#
...###..(#
..##⌠##..#


You could see a quasit.

Vanquished Creatures
  3 orc priests
  3 orc wizards
  2 worker ants
  Robin (D:2)
  9 gnolls
  5 adders
  2 oozes
  2 adder skeletons (D:4)
  3 worms
  3 dart slugs
  4 leopard geckos
  18 orcs
  4 bats
  3 giant cockroaches
  18 goblins
  13 hobgoblins
  9 jackals
  12 kobolds
  A quokka (D:4)
  A ball python (D:2)
  7 rats
123 creatures vanquished.

Vanquished Creatures (others)
  An orc wizard (D:4)
1 creature vanquished.

Grand Total: 124 creatures vanquished

Notes
Turn   | Place    | Note
-------+----------+-------------------------------------------
     0 | D:1      | Borgoz the Ghoul Assassin began the quest for the Orb.
     0 | D:1      | Reached XP level 1. HP: 17/17 MP: 0/0
    40 | D:1      | Reached skill level 1 in Dodging
   134 | D:1      | Reached XP level 2. HP: 21/24 MP: 1/1
   346 | D:1      | Reached skill level 1 in Armour
   408 | D:1      | Reached XP level 3. HP: 29/30 MP: 2/2
  1092 | D:2      | You fall through a shaft!
  1117 | D:3      | Reached XP level 4. HP: 36/37 MP: 3/3
  1487 | D:2      | Noticed Robin
  1503 | D:2      | Reached XP level 5. HP: 16/44 MP: 4/4
  1510 | D:2      | Killed Robin
  1518 | D:2      | Found a burning altar of Makhleb.
  1559 | D:2      | Found a shattered altar of Ashenzari.
  1872 | D:2      | Became a worshipper of Ashenzari the Shackled
  1921 | D:2      | Found a shadowy altar of Dithmenos.
  2442 | D:3      | Reached XP level 6. HP: 37/51 MP: 5/5
  2784 | D:3      | Found an opulent altar of Gozag.
  3520 | D:4      | Found Fidug's Assorted Antiques.
  3598 | D:4      | HP: 2/51 [worker ant (4)]
  4062 | D:4      | Reached XP level 7. HP: 48/57 MP: 6/6
  4396 | D:4      | Reached * piety under Ashenzari
  4695 | D:4      | Found Jelucif's Armour Emporium.
  4726 | D:4      | Found Kixidduu's Assorted Antiques.
  4827 | D:4      | Found an ornate altar of the Wu Jian Council.
  4985 | D:5      | Entered Level 5 of the Dungeon
  4986 | D:5      | Found a bloodstained altar of Trog.
  5029 | D:5      | HP: 2/58 [quasit (1)]
  5029 | D:5      | Slain by a quasit

Skill      XL: |  1  2  3  4  5  6  7 |
---------------+----------------------+-----
Dodging        | 1 2 3 |  3.6
Short Blades   | 2 3 4 |  4.0
Armour         | 1 2 3 |  3.3
Fighting       | 3 |  3.7
Throwing       | |  1.7
Stealth        | |  4.3

Action                   |  1- 3 |  4- 6 |  7- 9 || total
-------------------------+-------+-------+-------++-------
Melee: Dagger            |   109 |   449 |   155 ||   713
  Use: Potion            |       |    11 |     2 ||    13
 Stab: Sleeping          |     4 |     4 |       ||     8
       Distracted        |       |     1 |       ||     1
  Eat: Chunk             |     4 |    28 |     1 ||    33
Armor: Robe              |    32 |    54 |    72 ||   158
Dodge: Dodged            |    83 |   283 |   117 ||   483
